[Event "22nd Ruzomberok Open 2019"]
[Site "Ruzomberok"]
[Date "2019.06.30"]
[Round "2.31"]
[White "Demko, Ladislav"]
[Black "Korenova, Simona"]
[Result "0-1"]
[ECO "B84"]
[WhiteElo "1642"]
[BlackElo "1764"]
[Annotator "NA"]
[PlyCount "126"]
[EventDate "2019.06.29"]
[EventType "swiss"]
[EventCountry "SVK"]
[SourceTitle "playchess.com"]
[Source "ChessBase"]
[SourceQuality "1"]
[TimeControl "40/5400+30:1800+30"]

1. e4 c5 2. Nf3 d6 3. d4 cxd4 4. Nxd4 Nf6 5. Nc3 a6 6. Be2 e6 7. Be3 Be7 8. Qd2 O-O 9. f3 b5 10. O-O Bb7 11. g4 Nc6 12. Nxc6 Bxc6 13. g5 Nd7 14. a3 f6 15. f4 Qe8 16. Bg4 Qf7 17. f5 exf5 18. Bxf5 Ne5 19. b3 Qh5 20. Qg2 fxg5 21. Be6+ Kh8 22. Nd5 Bxd5 23. Bxd5 Rae8 24. Kh1 Bf6 25. Rad1 Ng4 26. Bg1 Be5 27. Rxf8+ Rxf8 28. Rd3 Nf6 29. Rh3 Qg6 30. Rf3 Bf4 31. Rc3 Nh5 32. Qg4 Qe8 33. Qe6 Nf6 34. Qxe8 Rxe8 35. Rc6 Nxd5 36. exd5 Ra8 37. Bd4 h5 38. Rc7 Be5 39. Be3 g4 40. Kg2 Kh7 41. c4 bxc4 42. bxc4 Rb8 43. Ra7 Rb2+ 44. Kf1 Rb3 45. Ke2 Rxa3 46. Re7 Bxh2 47. c5 dxc5 48. Bxc5 Ra5 49. Bd4 Rxd5 50. Bxg7 Kg6 51. Bc3 Rd6 52. Rg7+ Kf5 53. Rf7+ Kg5 54. Rg7+ Kh4 55. Kf2 Kh3 56. Rg5 g3+ 57. Ke3 h4 58. Be5 Re6 59. Kf3 Rb6 60. Ke2 g2 61. Bxh2 Kxh2 62. Kf2 g1=Q+ 63. Rxg1 Rf6+ 0-1

[Event "22nd Ruzomberok Open 2019"]
[Site "Ruzomberok"]
[Date "2019.06.30"]
[Round "2.32"]
[White "Piecka, Juraj"]
[Black "Segeda, Milos"]
[Result "1-0"]
[ECO "C40"]
[WhiteElo "1761"]
[BlackElo "1446"]
[Annotator "NA"]
[PlyCount "43"]
[EventDate "2019.06.29"]
[EventType "swiss"]
[EventCountry "SVK"]
[SourceTitle "playchess.com"]
[Source "ChessBase"]
[SourceQuality "1"]
[TimeControl "40/5400+30:1800+30"]

1. e4 e5 2. Nf3 d5 3. Nxe5 dxe4 4. Bc4 Be6 5. Bxe6 Nh6 6. Bb3 Qf6 7. d4 exd3 8. O-O dxc2 9. Bxc2 Bd6 10. Bxh6 Bxe5 11. Bg5 Qxg5 12. f4 Bxf4 13. Rxf4 Qxf4 14. Qe2+ Kf8 15. Nc3 c6 16. Rf1 Qd4+ 17. Kh1 Na6 18. Bb3 f6 19. Qe6 Qd5 20. Nxd5 Re8 21. Rxf6+ gxf6 22. Qxf6+ 1-0

[Event "22nd Ruzomberok Open 2019"]
[Site "Ruzomberok"]
[Date "2019.06.30"]
[Round "2.33"]
[White "Cebo, Vladimir"]
[Black "Mudron, Jan"]
[Result "0-1"]
[ECO "A16"]
[WhiteElo "1577"]
[BlackElo "1756"]
[Annotator "NA"]
[PlyCount "170"]
[EventDate "2019.06.29"]
[EventType "swiss"]
[EventCountry "SVK"]
[SourceTitle "playchess.com"]
[Source "ChessBase"]
[SourceQuality "1"]
[TimeControl "40/5400+30:1800+30"]

1. c4 Nf6 2. Nc3 c5 3. e3 g6 4. Nf3 Bg7 5. Be2 O-O 6. O-O d6 7. d4 cxd4 8. exd4 Nbd7 9. Bf4 Nh5 10. Bg5 Nhf6 11. Qd2 Re8 12. Rad1 Nf8 13. h3 Bd7 14. d5 a6 15. Nd4 Qc8 16. Qd3 Rb8 17. Ne4 Nxe4 18. Qxe4 f6 19. Bc1 b5 20. cxb5 axb5 21. Rfe1 b4 22. Nc6 Bxc6 23. dxc6 Kh8 24. Bc4 g5 25. Qd5 Ng6 26. Bb5 Qc7 27. Ba4 Ra8 28. b3 Rab8 29. Bb2 Nf4 30. Qf3 Ng6 31. Qg4 Nf8 32. h4 gxh4 33. Qxh4 Ng6 34. Qg4 Ne5 35. Bxe5 fxe5 36. Rd3 Rg8 37. Rh3 Bf6 38. Qe4 Rg7 39. g3 Rf8 40. Bb5 Qb6 41. Bd3 Rff7 42. Rf1 e6 43. Qc4 d5 44. Qc2 e4 45. Be2 Bd4 46. Bh5 Rf8 47. Kg2 Bc3 48. Qc1 Qxc6 49. Rfh1 Qb6 50. Qc2 Rf6 51. f3 exf3+ 52. Bxf3 Rff7 53. Qe2 Qd6 54. Qd3 Qe7 55. Bh5 Rf6 56. Bf3 Rff7 57. a3 Qg5 58. a4 Qd2+ 59. Qxd2 Bxd2 60. Rh6 Bxh6 61. Rxh6 Rg6 62. Rh4 Rb7 63. Kf2 Kg7 64. Be2 Rh6 65. Rd4 Kf6 66. Bb5 Ke5 67. Rxb4 Rf6+ 68. Ke3 Rg6 69. Kf3 Rf6+ 70. Ke3 Rg6 71. Kf3 Rc7 72. g4 Rc3+ 73. Kf2 Rh6 74. Kg2 Rf6 75. a5 Rf4 76. Rxf4 Kxf4 77. a6 Rxb3 78. a7 Ra3 79. Bd7 Rxa7 80. Bxe6 d4 81. Bf5 h6 82. Kf2 Ra2+ 83. Ke1 Ke3 84. Kd1 d3 85. Kc1 Rh2 0-1

[Event "22nd Ruzomberok Open 2019"]
[Site "Ruzomberok"]
[Date "2019.06.30"]
[Round "2.34"]
[White "Majerova, Veronika"]
[Black "Mc Aleenan, Charles"]
[Result "0-1"]
[ECO "B01"]
[WhiteElo "1531"]
[BlackElo "1746"]
[Annotator "NA"]
[PlyCount "92"]
[EventDate "2019.06.29"]
[EventType "swiss"]
[EventCountry "SVK"]
[SourceTitle "playchess.com"]
[Source "ChessBase"]
[SourceQuality "1"]
[TimeControl "40/5400+30:1800+30"]

1. e4 d5 2. exd5 Qxd5 3. Nc3 Qd6 4. d4 Nf6 5. Nf3 c6 6. Be2 Bf5 7. Ne5 Nbd7 8. Bf4 Qb4 9. Nxd7 Bxd7 10. Qd2 g6 11. O-O Bg7 12. Rfe1 O-O 13. Bf3 Rfe8 14. Rad1 Qa5 15. Be5 Be6 16. Qf4 Rac8 17. a3 Nd5 18. Nxd5 cxd5 19. Bxg7 Kxg7 20. Re2 Qc7 21. Qxc7 Rxc7 22. Rde1 Rc4 23. c3 a6 24. Rxe6 fxe6 25. Rxe6 Rc6 26. Re5 Rd6 27. Bxd5 b5 28. f4 Kf6 29. g4 e6 30. Be4 Rb8 31. Bd3 Rd5 32. Re1 Rb6 33. Kf2 a5 34. Kf3 b4 35. axb4 axb4 36. Bc4 Rdd6 37. Ke4 bxc3 38. bxc3 Rdc6 39. g5+ Kf7 40. Kd3 Rb7 41. Re5 Rbc7 42. Rc5 Rxc5 43. dxc5 Rxc5 44. Kd4 Rf5 45. Ke4 Ke7 46. Kf3 e5 0-1

[Event "22nd Ruzomberok Open 2019"]
[Site "Ruzomberok"]
[Date "2019.06.30"]
[Round "2.35"]
[White "Laurencsik, Alexander"]
[Black "Horbal, Michal"]
[Result "1-0"]
[ECO "A04"]
[WhiteElo "1742"]
[BlackElo "1121"]
[Annotator "NA"]
[PlyCount "49"]
[EventDate "2019.06.29"]
[EventType "swiss"]
[EventCountry "SVK"]
[SourceTitle "playchess.com"]
[Source "ChessBase"]
[SourceQuality "1"]
[TimeControl "40/5400+30:1800+30"]

1. Nf3 b6 2. g3 Bb7 3. Bg2 Nc6 4. d3 Nf6 5. e4 e5 6. O-O Bc5 7. c3 Qe7 8. a4 O-O-O 9. b4 Bd6 10. Na3 a5 11. bxa5 Nxa5 12. Nb5 Kb8 13. Nxd6 Qxd6 14. Ba3 Qe6 15. c4 c5 16. Rb1 h6 17. Qd2 g5 18. Rb2 Qg4 19. Rxb6 Nc6 20. Rfb1 Kc7 21. Rxb7+ Kd6 22. Qe3 Qh5 23. Qxc5+ Ke6 24. Nxe5 d6 25. Qxc6 1-0

[Event "22nd Ruzomberok Open 2019"]
[Site "Ruzomberok"]
[Date "2019.06.30"]
[Round "2.36"]
[White "Petrasko, Jozef"]
[Black "Zentko, Ladislav"]
[Result "0-1"]
[ECO "A34"]
[WhiteElo "1455"]
[BlackElo "1732"]
[Annotator "NA"]
[PlyCount "115"]
[EventDate "2019.06.29"]
[EventType "swiss"]
[EventCountry "SVK"]
[SourceTitle "playchess.com"]
[Source "ChessBase"]
[SourceQuality "1"]
[TimeControl "40/5400+30:1800+30"]

1. c4 c5 2. Nc3 Nf6 3. g3 Nc6 4. Bg2 e6 5. e3 Be7 6. Nge2 d5 7. cxd5 exd5 8. d4 cxd4 9. Nxd4 O-O 10. O-O Re8 11. b3 Bf8 12. Bb2 Bg4 13. Qd2 Bb4 14. Rac1 Rc8 15. h3 Bh5 16. a3 Ba5 17. b4 Bb6 18. Nce2 Ne4 19. Bxe4 dxe4 20. g4 Bg6 21. Rfd1 Qg5 22. Nxc6 bxc6 23. Nf4 h5 24. Qc3 f6 25. Nxg6 Qxg6 26. Qc4+ Kh7 27. Qe2 f5 28. Rd7 Rc7 29. Rxc7 Bxc7 30. f3 exf3 31. Qxf3 fxg4 32. hxg4 hxg4 33. Qh1+ Qh6 34. Qxh6+ gxh6 35. Rxc6 Bb6 36. Bd4 Bxd4 37. exd4 Rd8 38. Rc7+ Kg6 39. Rc6+ Kg5 40. Rc5+ Kf4 41. d5 h5 42. Kg2 h4 43. Rc4+ Kf5 44. Kf2 Rxd5 45. Ke3 Re5+ 46. Kf2 Re4 47. Rc7 Rf4+ 48. Ke3 Rf3+ 49. Ke2 Rxa3 50. Rf7+ Ke4 51. Re7+ Kf4 52. b5 Ra2+ 53. Kd3 h3 54. Rf7+ Kg3 55. Ke3 h2 56. Rf1 Kg2 57. Rf4 g3 58. Rf3 0-1

[Event "22nd Ruzomberok Open 2019"]
[Site "Ruzomberok"]
[Date "2019.06.30"]
[Round "2.38"]
[White "Berglund, Jan S."]
[Black "Malinovsky, Jozef"]
[Result "1/2-1/2"]
[ECO "B21"]
[WhiteElo "2013"]
[BlackElo "1715"]
[Annotator "NA"]
[PlyCount "146"]
[EventDate "2019.06.29"]
[EventType "swiss"]
[EventCountry "SVK"]
[SourceTitle "playchess.com"]
[Source "ChessBase"]
[SourceQuality "1"]
[TimeControl "40/5400+30:1800+30"]

1. e4 c5 2. f4 Nc6 3. Nf3 d6 4. Bc4 e6 5. O-O Be7 6. d3 a6 7. a3 b5 8. Ba2 Qc7 9. Ng5 Nf6 10. c3 h6 11. Nf3 Bb7 12. Be3 Ng4 13. Qe2 Nxe3 14. Qxe3 a5 15. f5 e5 16. Nbd2 Bf6 17. Qf2 a4 18. Nh4 Qe7 19. Ndf3 O-O-O 20. b3 axb3 21. Bxb3 Na5 22. Rfb1 Nxb3 23. Rxb3 Bc6 24. Rab1 Kd7 25. a4 Bxh4 26. Nxh4 Ke8 27. axb5 Bb7 28. Ra1 Rb8 29. b6 Qd8 30. Ra7 Rf8 31. Qg3 Qg5 32. Qxg5 hxg5 33. Nf3 f6 34. g3 Rf7 35. Nd2 Rd7 36. Nc4 Kd8 37. Na5 Kc8 38. Kf2 g4 39. Kg2 d5 40. Rb5 dxe4 41. Rxc5+ Kd8 42. Nxb7+ Rbxb7 43. Rc7 Rdxc7 44. bxc7+ Rxc7 45. Rxc7 Kxc7 46. dxe4 Kd6 47. h3 Kc5 48. hxg4 Kc4 49. Kf3 Kxc3 50. g5 fxg5 51. Kg4 Kd4 52. Kxg5 Kxe4 53. Kg6 Kd3 54. Kxg7 e4 55. f6 e3 56. f7 e2 57. f8=Q e1=Q 58. Qd6+ Kc4 59. Qc6+ Kb4 60. Qb6+ Kc4 61. Qc6+ Kb4 62. Qd6+ Kb5 63. Qb8+ Kc6 64. Qa8+ Kb6 65. Qd8+ Kc6 66. Qf6+ Kd5 67. Qg5+ Kc4 68. Qf4+ Kc5 69. g4 Qe7+ 70. Qf7 Qg5+ 71. Qg6 Qe7+ 72. Kh6 Qf8+ 73. Kh7 Qe7+ 1/2-1/2

[Event "22nd Ruzomberok Open 2019"]
[Site "Ruzomberok"]
[Date "2019.06.30"]
[Round "2.39"]
[White "Konkol, Emil"]
[Black "Brennan, Samuel J"]
[Result "1-0"]
[ECO "C65"]
[WhiteElo "1714"]
[BlackElo "1678"]
[Annotator "NA"]
[PlyCount "53"]
[EventDate "2019.06.29"]
[EventType "swiss"]
[EventCountry "SVK"]
[SourceTitle "playchess.com"]
[Source "ChessBase"]
[SourceQuality "1"]
[TimeControl "40/5400+30:1800+30"]

1. e4 e5 2. Nf3 Nc6 3. Bb5 Nf6 4. d3 a6 5. Bxc6 bxc6 6. Nxe5 Bd6 7. Nc4 O-O 8. O-O c5 9. e5 Bxe5 10. Nxe5 Re8 11. Nf3 d5 12. Bg5 Qd6 13. Bxf6 Qxf6 14. c3 Bg4 15. Nbd2 Qg6 16. Qa4 Bh3 17. Nh4 Qxd3 18. gxh3 Qxd2 19. Qc6 Rab8 20. Qxc5 Rxb2 21. Rad1 Qg5+ 22. Ng2 Rd8 23. Qxc7 Rxa2 24. Qg3 Qf6 25. Ne3 Qe6 26. Rxd5 Rxd5 27. Qb8+ 1-0

[Event "22nd Ruzomberok Open 2019"]
[Site "Ruzomberok"]
[Date "2019.07.01"]
[Round "3.1"]
[White "Hros, Roman"]
[Black "Jablonicky, Martin"]
[Result "1/2-1/2"]
[ECO "C50"]
[WhiteElo "2195"]
[BlackElo "2378"]
[Annotator "NA"]
[PlyCount "177"]
[EventDate "2019.06.29"]
[EventType "swiss"]
[EventCountry "SVK"]
[SourceTitle "playchess.com"]
[Source "ChessBase"]
[SourceQuality "1"]
[TimeControl "40/5400+30:1800+30"]

1. e4 e5 2. Bc4 Nf6 3. d3 Bc5 4. Nf3 Nc6 5. O-O d6 6. c3 h6 7. b4 Bb6 8. h3 g5 9. Nh2 Rg8 10. Qf3 Qe7 11. Ng4 Nxg4 12. hxg4 Nxb4 13. Nd2 Nc6 14. g3 Be6 15. Kg2 O-O-O 16. a4 Na5 17. Ba2 Qd7 18. Bxe6 fxe6 19. Bb2 h5 20. gxh5 g4 21. Qe2 Qh7 22. Rh1 Rdf8 23. Raf1 Rg5 24. f3 gxf3+ 25. Rxf3 Rh8 26. Rff1 Rxh5 27. Qxh5 Qxh5 28. Rxh5 Rxh5 29. Rf3 Kd7 30. g4 Rh7 31. Kg3 c6 32. c4 Bd8 33. Bc3 c5 34. Bxa5 Bxa5 35. Rf2 Rh1 36. Rf1 Rxf1 37. Nxf1 Be1+ 38. Kh3 Ke7 39. g5 Kf7 40. Kg4 Kg6 41. Nh2 Ba5 42. Nf3 Bd8 43. Nh4+ Kg7 44. Kh5 Be7 45. Nf3 Bf8 46. Kh4 Kg6 47. Kg4 Be7 48. Nh4+ Kh7 49. Kh5 Kg7 50. Ng2 Bd8 51. Ne1 Be7 52. Nc2 Bd8 53. Na3 Bc7 54. Nb5 Bb8 55. g6 b6 56. Nc3 Bc7 57. Nd1 Bd8 58. Ne3 Be7 59. Ng4 Bf8 60. Nh6 Kf6 61. Nf7 a6 62. Nd8 Ke7 63. Nf7 Bg7 64. Kg5 d5 65. Kg4 dxc4 66. dxc4 Kf6 67. Nd6 Bh6 68. Kh5 Bf8 69. Nc8 b5 70. axb5 axb5 71. cxb5 c4 72. Nb6 c3 73. Nd7+ Ke7 74. Nxe5 Kd6 75. Nd3 Kc7 76. Kg5 Bg7 77. Nb4 Kb6 78. Kf4 Kxb5 79. Nc2 Kc4 80. Ke3 Bh6+ 81. Ke2 e5 82. Ne3+ Kb3 83. Kd3 Bf8 84. Nc2 Kb2 85. Ne3 Kb3 86. Nc2 Bg7 87. Ne3 Bh6 88. Nc2 Kb2 89. Nb4 1/2-1/2

[Event "22nd Ruzomberok Open 2019"]
[Site "Ruzomberok"]
[Date "2019.07.01"]
[Round "3.2"]
[White "Farkas, Gabor"]
[Black "Mrvova, Alena"]
[Result "1-0"]
[ECO "A34"]
[WhiteElo "2353"]
[BlackElo "2153"]
[Annotator "NA"]
[PlyCount "51"]
[EventDate "2019.06.29"]
[EventType "swiss"]
[EventCountry "SVK"]
[SourceTitle "playchess.com"]
[Source "ChessBase"]
[SourceQuality "1"]
[TimeControl "40/5400+30:1800+30"]

1. c4 c5 2. Nc3 e6 3. Nf3 Nc6 4. g3 f5 5. Bg2 Nf6 6. O-O Be7 7. d4 cxd4 8. Nxd4 O-O 9. a3 Ng4 10. e3 Kh8 11. h3 Nge5 12. Qe2 Qc7 13. Nxc6 Nxc6 14. e4 Nd4 15. Qd3 Bf6 16. Bf4 e5 17. Nd5 Qd8 18. Be3 fxe4 19. Bxe4 d6 20. Bxd4 exd4 21. Bxh7 Bxh3 22. Rfe1 Be5 23. f4 Bf6 24. Re2 g5 25. g4 Qd7 26. Bf5 1-0

[Event "22nd Ruzomberok Open 2019"]
[Site "Ruzomberok"]
[Date "2019.07.01"]
[Round "3.3"]
[White "Bombek, Peter"]
[Black "Vojtek, Vladimir"]
[Result "1/2-1/2"]
[ECO "A45"]
[WhiteElo "2159"]
[BlackElo "2313"]
[Annotator "NA"]
[PlyCount "23"]
[EventDate "2019.06.29"]
[EventType "swiss"]
[EventCountry "SVK"]
[SourceTitle "playchess.com"]
[Source "ChessBase"]
[SourceQuality "1"]
[TimeControl "40/5400+30:1800+30"]

1. d4 Nf6 2. Bg5 e6 3. e4 h6 4. Bxf6 Qxf6 5. Nf3 c5 6. Nc3 cxd4 7. Qxd4 Qxd4 8. Nxd4 a6 9. O-O-O Nc6 10. Nxc6 dxc6 11. f4 Be7 12. Be2 1/2-1/2

[Event "22nd Ruzomberok Open 2019"]
[Site "Ruzomberok"]
[Date "2019.07.01"]
[Round "3.4"]
[White "Zvarik, Martin"]
[Black "Vacek, Ondrej"]
[Result "1/2-1/2"]
[ECO "B01"]
[WhiteElo "2308"]
[BlackElo "2125"]
[Annotator "NA"]
[PlyCount "47"]
[EventDate "2019.06.29"]
[EventType "swiss"]
[EventCountry "SVK"]
[SourceTitle "playchess.com"]
[Source "ChessBase"]
[SourceQuality "1"]
[TimeControl "40/5400+30:1800+30"]

1. e4 d5 2. exd5 Qxd5 3. Nf3 Nf6 4. Nc3 Qd8 5. Be2 c6 6. b4 a6 7. O-O Bg4 8. h3 Bh5 9. a3 e6 10. Ne5 Bxe2 11. Nxe2 Be7 12. d4 O-O 13. Qd3 Nbd7 14. f4 a5 15. Bd2 axb4 16. axb4 Qc7 17. Qf3 Rfd8 18. Nd3 g6 19. Rfd1 Nb6 20. Ne5 Rxa1 21. Rxa1 Ra8 22. Rxa8+ Nxa8 23. c4 Nb6 24. Qb3 1/2-1/2

[Event "22nd Ruzomberok Open 2019"]
[Site "Ruzomberok"]
[Date "2019.07.01"]
[Round "3.5"]
[White "Motycakova, Monika"]
[Black "Movsesian, Julia"]
[Result "0-1"]
[ECO "B32"]
[WhiteElo "2150"]
[BlackElo "2291"]
[Annotator "NA"]
[PlyCount "80"]
[EventDate "2019.06.29"]
[EventType "swiss"]
[EventCountry "SVK"]
[SourceTitle "playchess.com"]
[Source "ChessBase"]
[SourceQuality "1"]
[TimeControl "40/5400+30:1800+30"]

1. e4 c5 2. Nf3 Nc6 3. d4 cxd4 4. Nxd4 e5 5. Nb5 d6 6. c4 Be7 7. Bd3 Nf6 8. N1c3 O-O 9. O-O a6 10. Na3 Be6 11. Nc2 Rc8 12. b3 Nd7 13. Be3 Kh8 14. Nd5 Bg5 15. Qh5 Bxe3 16. Ncxe3 Nd4 17. Rad1 b5 18. f4 Bxd5 19. Nxd5 f6 20. Rfe1 bxc4 21. Bxc4 Nb6 22. Nxb6 Qxb6 23. Kh1 Nc2 24. Re2 Ne3 25. Rde1 Nxc4 26. bxc4 Rxc4 27. f5 Rfc8 28. Qf7 h6 29. h3 Qc6 30. Kh2 Rd4 31. Rb2 Rxe4 32. Rb7 Rg8 33. Rc7 Qa8 34. Rb1 Qe8 35. Qd5 Rd4 36. Qb7 Qh5 37. Qxa6 Qxf5 38. Rf1 Qe4 39. Qa7 Ra8 40. Qb6 Rxa2 0-1

[Event "22nd Ruzomberok Open 2019"]
[Site "Ruzomberok"]
[Date "2019.07.01"]
[Round "3.6"]
[White "Jakab, Bela"]
[Black "Hrnciar, Roman"]
[Result "1-0"]
[ECO "B00"]
[WhiteElo "2278"]
[BlackElo "2096"]
[Annotator "NA"]
[PlyCount "59"]
[EventDate "2019.06.29"]
[EventType "swiss"]
[EventCountry "SVK"]
[SourceTitle "playchess.com"]
[Source "ChessBase"]
[SourceQuality "1"]
[TimeControl "40/5400+30:1800+30"]

1. e4 Nc6 2. d4 d6 3. Nc3 g6 4. Be3 Bg7 5. Bb5 Bd7 6. Nge2 e5 7. f3 Nge7 8. h4 f5 9. Bxc6 Bxc6 10. h5 f4 11. Bf2 d5 12. exd5 Nxd5 13. Ne4 Ne3 14. Bxe3 Bxe4 15. Bxf4 exf4 16. fxe4 Qg5 17. h6 Bf6 18. Qd3 O-O-O 19. Qh3+ Kb8 20. e5 f3 21. gxf3 Bxe5 22. dxe5 Qxe5 23. Qh2 Qxb2 24. O-O Rd5 25. Ng3 Qd4+ 26. Qf2 Qh4 27. Rad1 Rg5 28. Kg2 Qxh6 29. Qd2 a6 30. Rh1 1-0

[Event "22nd Ruzomberok Open 2019"]
[Site "Ruzomberok"]
[Date "2019.07.01"]
[Round "3.7"]
[White "Holly, Andrej"]
[Black "Pniaczek, Marek"]
[Result "1-0"]
[ECO "A20"]
[WhiteElo "2046"]
[BlackElo "2276"]
[Annotator "NA"]
[PlyCount "91"]
[EventDate "2019.06.29"]
[EventType "swiss"]
[EventCountry "SVK"]
[SourceTitle "playchess.com"]
[Source "ChessBase"]
[SourceQuality "1"]
[TimeControl "40/5400+30:1800+30"]

1. c4 e5 2. g3 Nf6 3. Bg2 Nc6 4. Nc3 Bb4 5. Nd5 Bc5 6. e3 d6 7. Ne2 a5 8. O-O Bg4 9. h3 Bf5 10. d3 h6 11. Kh2 O-O 12. f4 Nxd5 13. cxd5 Ne7 14. e4 Bd7 15. f5 f6 16. d4 Bb6 17. dxe5 dxe5 18. Nc3 Nc8 19. Qg4 Kh8 20. Qh4 Qe7 21. g4 Nd6 22. Qg3 Kg8 23. h4 Kf7 24. Bf3 Rh8 25. Kg2 Rag8 26. h5 Bd4 27. Qe1 b5 28. Be3 Nc4 29. Bxd4 exd4 30. Nd1 c5 31. b3 Ne5 32. Qxa5 c4 33. Qd2 Qc5 34. b4 Qb6 35. Nf2 Ra8 36. a3 c3 37. Qc1 Nc4 38. Re1 Ra7 39. Nd3 Rha8 40. e5 fxe5 41. Nxe5+ Nxe5 42. Rxe5 Rc8 43. Qc2 Qc7 44. f6 Rg8 45. Qg6+ Kf8 46. Re7 1-0

[Event "22nd Ruzomberok Open 2019"]
[Site "Ruzomberok"]
[Date "2019.07.01"]
[Round "3.8"]
[White "Karas, Marek"]
[Black "Bednar, Jan"]
[Result "1-0"]
[ECO "A05"]
[WhiteElo "2268"]
[BlackElo "2084"]
[Annotator "NA"]
[PlyCount "66"]
[EventDate "2019.06.29"]
[EventType "swiss"]
[EventCountry "SVK"]
[SourceTitle "playchess.com"]
[Source "ChessBase"]
[SourceQuality "1"]
[TimeControl "40/5400+30:1800+30"]

1. Nf3 Nf6 2. c4 d5 3. d4 g6 4. cxd5 Nxd5 5. e4 Nb6 6. Nc3 Bg7 7. h3 O-O 8. Be2 Nc6 9. Be3 e5 10. d5 Ne7 11. Qb3 Kh8 12. a4 Nd7 13. h4 f5 14. Ng5 Nf6 15. h5 f4 16. Bc5 h6 17. hxg6 Nxg6 18. Bxf8 Qxf8 19. Ne6 Qe7 20. Qc4 Bxe6 21. dxe6 c6 22. a5 Rd8 23. Rd1 Rc8 24. Na4 Nf8 25. Nc5 b6 26. axb6 axb6 27. Nd7 b5 28. Nxf8 Bxf8 29. Qb3 Nxe4 30. Rd7 Qb4+ 31. Qxb4 Bxb4+ 32. Kf1 Bf8 33. e7 Ng3+ 1-0

[Event "22nd Ruzomberok Open 2019"]
[Site "Ruzomberok"]
[Date "2019.07.01"]
[Round "3.9"]
[White "Cech, Dominik"]
[Black "Bartek, Ladislav"]
[Result "1-0"]
[ECO "C84"]
[WhiteElo "2092"]
[BlackElo "2042"]
[Annotator "NA"]
[PlyCount "87"]
[EventDate "2019.06.29"]
[EventType "swiss"]
[EventCountry "SVK"]
[SourceTitle "playchess.com"]
[Source "ChessBase"]
[SourceQuality "1"]
[TimeControl "40/5400+30:1800+30"]

1. e4 e5 2. Nf3 Nc6 3. Bb5 a6 4. Ba4 Nf6 5. O-O Be7 6. d3 b5 7. Bb3 d6 8. a3 O-O 9. Nc3 Be6 10. Nd5 Nd4 11. Nxd4 exd4 12. Nxf6+ Bxf6 13. Bxe6 fxe6 14. Qg4 Qd7 15. Bd2 Rae8 16. f4 c5 17. Rf3 c4 18. Rh3 g6 19. Re1 c3 20. bxc3 dxc3 21. Be3 Qg7 22. Qe2 Bd4 23. Qf2 Bxe3 24. Qxe3 Qf7 25. Rf3 Qc7 26. Rb1 e5 27. f5 gxf5 28. exf5 Rc8 29. d4 Kh8 30. Re1 Rfe8 31. f6 Qf7 32. Qg5 Rg8 33. Qh4 Rc4 34. Re4 Rxd4 35. Rxd4 exd4 36. Qxd4 Re8 37. Qxc3 d5 38. h3 Rd8 39. Qe5 Re8 40. Qc3 Rd8 41. Qd4 Re8 42. Rc3 h6 43. Qf4 Qh7 44. Rc7 1-0

[Event "22nd Ruzomberok Open 2019"]
[Site "Ruzomberok"]
[Date "2019.07.01"]
[Round "3.10"]
[White "Bakalar, Jan"]
[Black "Sarkozy, Ladislav"]
[Result "0-1"]
[ECO "A16"]
[WhiteElo "1969"]
[BlackElo "2227"]
[Annotator "NA"]
[PlyCount "62"]
[EventDate "2019.06.29"]
[EventType "swiss"]
[EventCountry "SVK"]
[SourceTitle "playchess.com"]
[Source "ChessBase"]
[SourceQuality "1"]
[TimeControl "40/5400+30:1800+30"]

1. c4 Nf6 2. Nc3 g6 3. e4 d6 4. g3 Bg7 5. Bg2 O-O 6. Nge2 c5 7. O-O Nc6 8. h3 Rb8 9. d3 a6 10. f4 Bd7 11. Be3 b5 12. b3 b4 13. Na4 Ne8 14. Rb1 Nc7 15. f5 Nd4 16. Bxd4 cxd4 17. Nb2 a5 18. Qc2 Na6 19. Nd1 Nc5 20. g4 e5 21. Nf2 Bh6 22. Bf3 a4 23. Kg2 axb3 24. axb3 Qh4 25. Ra1 Ra8 26. Nh1 Rfb8 27. Ng1 Qd8 28. Rxa8 Rxa8 29. Bd1 Be3 30. fxg6 fxg6 31. Qe2 Ra3 0-1

[Event "22nd Ruzomberok Open 2019"]
[Site "Ruzomberok"]
[Date "2019.07.01"]
[Round "3.11"]
[White "Orvisky, Vladimir"]
[Black "Karcol, Jan"]
[Result "0-1"]
[ECO "A31"]
[WhiteElo "1719"]
[BlackElo "1882"]
[Annotator "NA"]
[PlyCount "74"]
[EventDate "2019.06.29"]
[EventType "swiss"]
[EventCountry "SVK"]
[SourceTitle "playchess.com"]
[Source "ChessBase"]
[SourceQuality "1"]
[TimeControl "40/5400+30:1800+30"]

1. c4 c5 2. Nf3 Nf6 3. d4 cxd4 4. Nxd4 d5 5. cxd5 Nxd5 6. g3 e5 7. Nf3 Nc6 8. e4 Bb4+ 9. Nbd2 Nf6 10. a3 Qa5 11. Rb1 Bxd2+ 12. Bxd2 Qb6 13. Qa4 O-O 14. Bg2 Bd7 15. O-O Nd4 16. Qd1 Bg4 17. Re1 Rad8 18. Be3 Nxf3+ 19. Bxf3 Rxd1 20. Bxb6 Rxe1+ 21. Rxe1 Bxf3 22. Bxa7 Re8 23. Re3 Bxe4 24. f3 Bc6 25. Bc5 Nd5 26. Re2 f5 27. Kf2 Kf7 28. b4 b6 29. Be3 Nxe3 30. Rxe3 Ke6 31. Rc3 Rc8 32. Rd3 Bd7 33. Ke3 Rc2 34. h3 Bb5 35. Rd2 Rxd2 36. Kxd2 Kd5 37. Kc3 Be2 0-1

[Event "22nd Ruzomberok Open 2019"]
[Site "Ruzomberok"]
[Date "2019.07.01"]
[Round "3.12"]
[White "Ambrozi, Peter"]
[Black "Stanko, Ivan"]
[Result "1-0"]
[ECO "A49"]
[WhiteElo "1888"]
[BlackElo "1859"]
[Annotator "NA"]
[PlyCount "73"]
[EventDate "2019.06.29"]
[EventType "swiss"]
[EventCountry "SVK"]
[SourceTitle "playchess.com"]
[Source "ChessBase"]
[SourceQuality "1"]
[TimeControl "40/5400+30:1800+30"]

1. d4 Nf6 2. Nf3 g6 3. g3 Bg7 4. Bg2 O-O 5. O-O d6 6. c4 c5 7. dxc5 dxc5 8. Ne5 Qb6 9. Nc3 Nbd7 10. Nd3 Re8 11. e4 e5 12. Be3 Qc6 13. Nd5 b6 14. Rc1 Bb7 15. b4 Rad8 16. b5 Qd6 17. a4 Nf8 18. f4 Nxd5 19. exd5 Nd7 20. f5 f6 21. Be4 Nf8 22. g4 g5 23. Qd2 h6 24. Rb1 Ra8 25. a5 Bc8 26. Nf2 Bd7 27. Bg2 Rab8 28. Ne4 Qe7 29. axb6 axb6 30. Ra1 Qd8 31. h4 Nh7 32. Ra7 Re7 33. d6 Rf7 34. hxg5 hxg5 35. Rfa1 Kf8 36. Nc3 Ke8 37. Ra8 1-0

[Event "22nd Ruzomberok Open 2019"]
[Site "Ruzomberok"]
[Date "2019.07.01"]
[Round "3.13"]
[White "Borsos, Bogdan"]
[Black "Taragel, Marian"]
[Result "1-0"]
[ECO "A05"]
[WhiteElo "2216"]
[BlackElo "1636"]
[Annotator "NA"]
[PlyCount "87"]
[EventDate "2019.06.29"]
[EventType "swiss"]
[EventCountry "SVK"]
[SourceTitle "playchess.com"]
[Source "ChessBase"]
[SourceQuality "1"]
[TimeControl "40/5400+30:1800+30"]

1. Nf3 Nf6 2. c4 e6 3. g3 d5 4. Bg2 Bd6 5. d4 O-O 6. O-O c6 7. Nc3 Nbd7 8. Nd2 dxc4 9. Nxc4 Bc7 10. b3 Nb6 11. Ba3 Re8 12. e3 Nfd5 13. Ne4 Nxc4 14. bxc4 Nf6 15. Nc5 Nd7 16. Nxd7 Qxd7 17. Rb1 b6 18. Qa4 Bb7 19. d5 exd5 20. cxd5 b5 21. dxc6 Bxc6 22. Bxc6 Qxc6 23. Qxb5 Qxb5 24. Rxb5 Rab8 25. Rfb1 Rxb5 26. Rxb5 Rb8 27. Rxb8+ Bxb8 28. Bc5 f6 29. Kf1 Kf7 30. Ke2 Ke6 31. Kd3 Kd5 32. Bd4 a6 33. e4+ Kc6 34. Kc4 Bd6 35. f4 Be7 36. g4 g6 37. h3 h6 38. Bc3 g5 39. f5 Bd8 40. e5 fxe5 41. Bxe5 Kd7 42. Kd5 Ke8 43. Ke6 Be7 44. Bg7 1-0